 Dungeon Crawl Stone Soup version 0.30-a0-913-g9934a0ce24 (webtiles) character file.

Game seed: 2621285939942364999

97 Zdeegee the Skirmisher (level 4, 0/38 HPs)
             Began as a Gnoll Hunter on Mar 19, 2023.
             Slain by an orc
             ... wielding a +0 mace
              (1 damage)
             ... on level 3 of the Dungeon.
             The game lasted 00:02:41 (1727 turns).

Zdeegee the Skirmisher (Gnoll Hunter)               Turns: 1727, Time: 00:02:42

Health: 0/38       AC:  3    Str: 10    XL:     4   Next: 68%
Magic:  5/5        EV: 13    Int:  9    God:
Gold:   138        SH:  0    Dex: 17    Spells: 5/5 levels left

rFire   + . .      SeeInvis .    b - +0 spear
rCold   . . .      Faith    .    (no shield)
rNeg    . . .      Spirit   .    c - +0 leather armour
rPois   .          Reflect  .    (no helmet)
rElec   .          Rampage  .    (no cloak)
rCorr   .                        (no gloves)
Will    .....                    (no boots)
Stlth   ++                       (no amulet)
HPRegen 0.26/turn                h - ring of protection from fire
MPRegen 0.09/turn                (no ring)

@: no status effects
A: fangs 1, strong nose, distributed training
a: no special abilities


You were on level 3 of the Dungeon.
You visited 1 branch of the dungeon, and saw 3 of its levels.

You collected 138 gold pieces.

Inventory:

Hand Weapons
 a - a +0 shortbow
 b - a +0 spear (weapon)
Armour
 c - a +0 leather armour (worn)
Jewellery
 h - a ring of protection from fire (left hand)
Wands
 i - a wand of roots (8)
Scrolls
 d - a scroll of fear
 e - a scroll of identify
 f - a scroll of immolation
 k - a scroll of noise
Potions
 g - 2 potions of haste
 j - a potion of attraction


   Skills:
 + Level 4.7 Fighting
 + Level 1.2 Short Blades
 + Level 1.2 Long Blades
 + Level 1.2 Axes
 + Level 1.2 Maces & Flails
 + Level 1.2 Polearms
 + Level 1.2 Staves
 + Level 8.6 Ranged Weapons
 + Level 1.2 Throwing
 + Level 1.2 Armour
 + Level 4.7 Dodging
 + Level 2.6 Stealth
 + Level 1.2 Shields
 + Level 1.2 Unarmed Combat
 + Level 1.2 Spellcasting
 + Level 1.0 Conjurations
 + Level 1.0 Hexes
 + Level 1.0 Summonings
 + Level 1.0 Necromancy
 + Level 1.0 Translocations
 + Level 1.0 Transmutations
 + Level 1.0 Fire Magic
 + Level 1.0 Ice Magic
 + Level 1.0 Air Magic
 + Level 1.0 Earth Magic
 + Level 1.0 Poison Magic
 + Level 1.4 Invocations
 + Level 1.2 Evocations


You had 5 spell levels left.
You didn't know any spells.
Your spell library contained the following spells:

 Spells                   Type           Power      Damage    Failure   Level
 Cigotuvi's Dreadful Rot  Necr/Pois/Air  4%         N/A       43%         2
 Dispel Undead            Necr           2%         3d7       97%         4
 Death Channel            Necr           1%         N/A       100%        6


Dungeon Overview and Level Annotations

Branches:
Dungeon (3/15)

Altars:


Innate Abilities, Weirdness & Mutations

You have very sharp teeth.
Your uncanny sense of smell can sniff out nearby items.
Your experience applies equally to all skills.


Message History

You hit the orc priest but do no damage.
You bite the orc priest, but do no damage.
The orc priest hits you with a +4 dagger.
The orc closely misses you.
You hit the orc priest.
The orc priest is lightly wounded.
The orc priest hits you with a +4 dagger.
The orc barely misses you. The orc hits you with a +0 mace.
You hit the orc.
The orc is moderately wounded.
The orc hits you with a +0 mace. The orc barely misses you.
You hit the orc.
The orc is severely wounded.
The orc hits you with a +0 mace. x2
You hit the orc.
You kill the orc!
The orc priest miscasts a cantrip.
The orc closely misses you.
The orc priest hits you with a +4 dagger.
You see here a +0 mace.
You barely miss the orc priest.
You bite the orc priest, but do no damage.
The orc priest is lightly wounded.
The orc priest hits you with a +4 dagger.
* * * LOW HITPOINT WARNING * * *
The orc barely misses you.
You barely miss the orc priest.
The orc priest is lightly wounded.
The orc priest hits you with a +4 dagger.
* * * LOW HITPOINT WARNING * * *
The orc barely misses you.
You hit the orc priest but do no damage.
The orc priest is lightly wounded.
The orc priest closely misses you. The orc misses you.
You hit the orc priest but do no damage.
The orc priest is lightly wounded.
The orc priest hits you with a +4 dagger.
* * * LOW HITPOINT WARNING * * *
The orc hits you with a +0 mace.
You die...

########### #.o@o)....# ♣#.
#.###<..... ♣..# #.# ###.#
♣...#######.##.#
♣#..#.........#
+.......####.#.# +#####
♣#....#.####.##.#
#....≈###### ∆
#....#...........#....≈#....#
♣#...........##.
.#....≈###.#.


You could see an orc priest and an orc.

Vanquished Creatures
  An orc wizard (D:3)
  2 adders (D:2)
  A worm (D:2)
  4 dart slugs
  6 orcs
  3 ball pythons
  2 bats
  2 endoplasms (D:1)
  2 giant cockroaches (D:2)
  4 goblins
  2 hobgoblins
  3 kobolds (D:2)
  A quokka (D:1)
  2 frilled lizards
  3 rats
38 creatures vanquished.

Notes
Turn   | Place    | Note
-------+----------+-------------------------------------------
     0 | D:1      | Zdeegee the Gnoll Hunter began the quest for the Orb.
     0 | D:1      | Reached XP level 1. HP: 20/20 MP: 1/1
    84 | D:1      | Reached XP level 2. HP: 26/26 MP: 2/2
   343 | D:1      | HP: 1/26 [poisoned by a goblin]
   798 | D:2      | Reached XP level 3. HP: 25/31 MP: 2/4
   857 | D:2      | Reached skill level 1 in Invocations
   983 | D:2      | Reached skill level 1 in Short Blades
   983 | D:2      | Reached skill level 1 in Long Blades
   983 | D:2      | Reached skill level 1 in Axes
   983 | D:2      | Reached skill level 1 in Maces & Flails
   983 | D:2      | Reached skill level 1 in Polearms
   983 | D:2      | Reached skill level 1 in Staves
   983 | D:2      | Reached skill level 1 in Throwing
   983 | D:2      | Reached skill level 1 in Armour
   983 | D:2      | Reached skill level 1 in Shields
   983 | D:2      | Reached skill level 1 in Unarmed Combat
   983 | D:2      | Reached skill level 1 in Spellcasting
   983 | D:2      | Reached skill level 1 in Evocations
  1323 | D:2      | Reached XP level 4. HP: 38/38 MP: 5/5
  1715 | D:3      | Reached skill level 1 in Conjurations
  1715 | D:3      | Reached skill level 1 in Hexes
  1715 | D:3      | Reached skill level 1 in Summonings
  1715 | D:3      | Reached skill level 1 in Necromancy
  1715 | D:3      | Reached skill level 1 in Translocations
  1715 | D:3      | Reached skill level 1 in Transmutations
  1715 | D:3      | Reached skill level 1 in Fire Magic
  1715 | D:3      | Reached skill level 1 in Ice Magic
  1715 | D:3      | Reached skill level 1 in Air Magic
  1715 | D:3      | Reached skill level 1 in Earth Magic
  1715 | D:3      | Reached skill level 1 in Poison Magic
  1727 | D:3      | HP: 1/38 [orc priest/+4 dagger (6)]
  1727 | D:3      | Slain by an orc

Illustrated notes

Levels and vault maps discovered:
D:1:      minmay_arrival_up_and_down, layout_loops_ring
D:2:      layout_basic, wad_orctagon
D:3:      layout_loops_ring, mainiacjoe_overflow_six_doors_small,
          lightli_temple_of_fire, chequers_serial_rivers_room_a

Skill      XL: |  1  2  3  4 |
---------------+-------------+-----
Invocations    | 1 |  1.4
Short Blades   | 1 |  1.2
Long Blades    | 1 |  1.2
Axes           | 1 |  1.2
Maces & Flails | 1 |  1.2
Polearms       | 1 |  1.2
Staves         | 1 |  1.2
Throwing       | 1 |  1.2
Armour         | 1 |  1.2
Shields        | 1 |  1.2
Unarmed Combat | 1 |  1.2
Spellcasting   | 1 |  1.2
Evocations     | 1 |  1.2
Conjurations   | 1 |  1.0
Hexes          | 1 |  1.0
Summonings     | 1 |  1.0
Necromancy     | 1 |  1.0
Translocations | 1 |  1.0
Transmutations | 1 |  1.0
Fire Magic     | 1 |  1.0
Ice Magic      | 1 |  1.0
Air Magic      | 1 |  1.0
Earth Magic    | 1 |  1.0
Poison Magic   | 1 |  1.0
Fighting       | |  4.7
Ranged Weapons | |  8.6
Dodging        | |  4.7
Stealth        | |  2.6

Action                     |  1- 3 |  4- 6 || total
---------------------------+-------+-------++-------
  Melee: Spear             |     6 |    10 ||    16
         Bite              |     1 |     3 ||     4
   Fire: Shortbow          |    77 |    22 ||    99
    Use: Potion            |     1 |       ||     1
         Scroll            |     5 |     1 ||     6
 Armour: Leather armour    |     9 |     3 ||    12
  Dodge: Dodged            |    25 |    13 ||    38

Table legend: (Time is in decaauts)
 A = Elapsed time spent in this place.
 B = Non-inter-level travel time spent in this place.
 C = Inter-level travel time spent in this place.
 D = Time resting spent in this place.
 E = Time spent auto-exploring this place.
 F = Levels seen in this place.
 G = Mean time per level.
                   A        B        C        D        E       F      G
               +--------+--------+--------+--------+--------+-----+--------+
         Total |   1716 |   1643 |     73 |     22 |   1393 |   3 |  572.0 |
       Dungeon |   1716 |   1643 |     73 |     22 |   1393 |   3 |  572.0 |
               +--------+--------+--------+--------+--------+-----+--------+

Top non-repeatable levels by time:
     D:2: 810 daAuts
     D:1: 742 daAuts
     D:3: 163 daAuts
